 Dungeon Crawl Stone Soup version 0.30-b1-2-g02819fbbbe (webtiles) character file.

Game seed: 15868614173409611430

20 Arum the Shield-Bearer (level 3, 0/30 HPs)
             Began as a Formicid Fighter on May 14, 2023.
             Killed from afar by Sigmund (8 damage)
             ... with a magic dart
             ... on level 2 of the Dungeon.
             The game lasted 00:00:52 (998 turns).

Arum the Shield-Bearer (Formicid Fighter)            Turns: 998, Time: 00:00:53

Health: 0/30       AC:  6    Str: 22    XL:     3   Next: 0%
Magic:  3/3        EV:  9    Int:  7    God:
Gold:   74         SH:  5    Dex: 13    Spells: 2/2 levels left

rFire   . . .        a - +0 quarterstaff
rCold   . . .        c - +0 buckler
rNeg    . . .        b - +0 scale mail
rPois   .            (helmet unavailable)
rElec   .            (no cloak)
rCorr   .            (no gloves)
SInv    +            (no boots)
Will    .....        (no amulet) Stlth
                     (no ring)
HPRegen 0.25/turn    (no ring)
MPRegen 0.08/turn

%: no passive effects
@: no status effects
A: permanent stasis, dig shafts and tunnels, antennae 3, four strong arms
a: Dig, Shaft Self


You were on level 2 of the Dungeon.
You visited 1 branch of the dungeon, and saw 2 of its levels.

You collected 74 gold pieces.

Inventory:

Hand Weapons
 a - a +0 quarterstaff (weapon)
Armour
 b - a +0 scale mail (worn)
 c - a +0 buckler (worn)
Scrolls
 e - 2 scrolls of teleportation {unknown}
 f - a scroll of poison {unknown}
 i - a scroll of torment {unknown}
Potions
 d - a potion of might
 g - 2 potions of degeneration {unknown}
 h - a potion of brilliance {unknown}
 j - 2 potions of flight {unknown}
 k - a potion of mutation {unknown}


   Skills:
 + Level 3.6 Fighting
 + Level 2.4 Staves
 + Level 3.6 Armour
 - Level 4.0 Shields


You had 2 spell levels left.
You didn't know any spells.
Your spell library contained the following spells:

 Spells                   Type           Power      Damage    Failure   Level
 Gell's Gravitas          Tloc           0%         N/A       99%         3
 Teleport Other           Tloc           0%         N/A       99%         3
 Dispersal                Tloc           0%         N/A       100%        6


Dungeon Overview and Level Annotations

Branches:
Dungeon (2/15)

Altars:

Annotations:
D:2 Sigmund


Innate Abilities, Weirdness & Mutations

You cannot be hasted, slowed, berserked, paralysed or teleported.
You can dig through walls and to a lower floor.
You have a pair of large antennae on your head. (SInv)
Your four strong arms can wield two-handed weapons with a shield.


Message History

Found a stone staircase leading down.
Found a stone staircase leading down.
Found a robe.
Sigmund the Dreaded comes into view.
He is wielding a +1 scythe of holy wrath and wearing a +2 robe of willpower.
Sigmund shouts!
Sigmund is nearby!
Sigmund closely misses you.
You barely miss Sigmund.
Sigmund hits you with a +1 scythe of holy wrath.
You hit Sigmund but do no damage.
Sigmund hits you with a +1 scythe of holy wrath!
You sock Sigmund!
Sigmund is moderately wounded.
Sigmund barely misses you.
You thump Sigmund!
Sigmund is heavily wounded.
You barely miss Sigmund.
Sigmund is heavily wounded.
Sigmund completely misses you.
You hit Sigmund.
Sigmund is severely wounded.
Sigmund points at you and mumbles some strange words.
The magic dart hits you!
You barely miss Sigmund.
Sigmund is severely wounded.
Sigmund casts a spell at you. The magic dart hits you.
* * * LOW HITPOINT WARNING * * *
You barely miss Sigmund.
Sigmund is severely wounded.
Sigmund hits you with a +1 scythe of holy wrath.
* * * LOW HITPOINT WARNING * * *
You sock Sigmund!
Sigmund is almost dead.
Sigmund closely misses you.
You closely miss Sigmund.
Sigmund is almost dead.
Sigmund casts a spell at you. The magic dart hits you!
You die...

{ #......# #......#
#......#
###......########### #
#........##........#
#.#........#.###.###.#
###.##.##......# #.###
.......####.##.###...#
.......####.###@@.##.#
.##.#........####.# .#
#.#..#......#>.... . .
#..#...>....###...# .
....#........# .[...
......##........##.
..#. #.###
#........... ..# #.
###.#.##.##.# .# #
#.####.....


You could see Sigmund.

Vanquished Creatures
  2 endoplasms (D:1)
  A giant cockroach (D:1)
  A hobgoblin (D:1)
  3 kobolds (D:1)
  2 quokkas (D:1)
  4 ball pythons (D:1)
  3 bats (D:1)
  2 rats (D:1)
18 creatures vanquished.

Notes
Turn   | Place    | Note
-------+----------+-------------------------------------------
     0 | D:1      | Arum the Formicid Fighter began the quest for the Orb.
     0 | D:1      | Reached XP level 1. HP: 18/18 MP: 1/1
   284 | D:1      | Reached XP level 2. HP: 24/24 MP: 2/2
   834 | D:1      | Reached XP level 3. HP: 30/30 MP: 3/3
   976 | D:2      | Noticed Sigmund
   998 | D:2      | Killed from afar by Sigmund

Illustrated notes

Levels and vault maps discovered:
D:1:      minmay_arrival_up_and_down, layout_basic
D:2:      layout_loops_cross, basic_altar, uniq_crazy_yiuf_cottage, uniq_sigmund

Action                     || total
---------------------------++-------
  Melee: Quarterstaff      ||    52
Ability: Dig               ||     2
 Armour: Scale mail        ||    29
  Dodge: Dodged            ||    15
  Block: Buckler           ||     5
